Map: Mech Depot LE

Players

AdminA - Winner!

  • Race: Protoss Protoss
  • Spawn Location: 1:00

ObiWanPwnobi

  • Race: Protoss Protoss
  • Spawn Location: 7:00

Event: WCS Montreal 2017

VOD

Have the link to the VOD?

Description

Time

  • Played on: Sept. 8, 2017, 1:16 p.m.
  • Length: 12:23

All games in this series

Show
View Real Time Build Order
Export as new Build Order

AdminA Protoss - Winner!

Build Orders: Blink Stalkers 

Get SALT Encoding   

  12  0:00  Probe (Chrono Boost)  
  13  0:11  Probe (Chrono Boost)  
  14  0:18  Pylon  
  14  0:22  Probe (Chrono Boost)  
  15  0:36  Probe (Chrono Boost)  
  15  0:37  Gateway  
  15  0:42  Assimilator  
  16  0:47  Probe (Chrono Boost)  
  17  0:51  Assimilator  
  17  0:58  Probe (Chrono Boost)  
  18  1:05  Gateway  
  18  1:08  Probe (Chrono Boost)  
  19  1:19  Probe (Chrono Boost)  
  20  1:25  Cybernetics Core  
  20  1:29  Probe (Chrono Boost)  
  21  1:34  Pylon  
  22  1:40  Probe (Chrono Boost)  
  22  1:53  Probe (Chrono Boost)  
  23  2:01  Stalker x2  
  27  2:09  Warp Gate (Chrono Boost)  
  27  2:11  Probe  
  28  2:27  Pylon  
  28  2:33  Nexus  
  27  2:39  Pylon  
  27  2:44  Mothership Core  
  29  2:53  Stalker  
  29  2:56  Sentry  
  33  3:05  Probe  
  34  3:12  Pylon  
  34  3:21  Probe, Twilight Council  
  35  3:33  Probe  
  36  3:45  Probe  
  38  3:59  Blink (Chrono Boost)  
  36  4:04  Gateway x2  
  36  4:05  Stalker  
  36  4:07  Probe  
  36  4:09  Probe  
  40  4:16  Stalker  
  42  4:23  Probe  
  42  4:24  Probe  
  43  4:33  Probe  
  43  4:36  Probe  
  45  4:44  Probe  
  45  4:46  Stalker  
  45  4:49  Probe, Stalker  
  51  4:55  Probe  
  52  5:01  Probe, Stalker  
  52  5:02  Stalker  
  57  5:13  Stalker x2  
  61  5:17  Pylon  
  61  5:26  Pylon  
  61  5:28  Assimilator  
  61  5:31  Probe, Pylon  
  61  5:34  Probe  
  63  5:36  Stalker  
  63  5:39  Stalker  
  67  5:43  Probe  
  67  5:48  Charge (Chrono Boost)  
  68  5:58  Probe  
  68  5:59  Probe, Stalker  
  68  6:00  Stalker  
  68  6:03  Assimilator  
  74  6:09  Probe  
  74  6:10  Probe  
  76  6:16  Stalker x2  
  80  6:20  Probe  
  80  6:22  Probe  
  82  6:26  Pylon  
  82  6:27  Pylon  
  82  6:38  Probe  
  77  6:45  Probe  
  76  6:48  Sentry  
  76  6:54  Nexus  
  78  6:56  Probe  
  78  6:59  Pylon  
  79  7:02  Probe  
  79  7:03  Templar Archives  
  79  7:05  Gateway  
  80  7:08  Probe  
  80  7:13  Robotics Facility  
  81  7:25  Probe  
  82  7:31  Zealot x4  
  90  7:37  Probe  
  90  7:38  Probe  
  92  7:51  Zealot x4  
  100  8:03  Gateway  
  96  8:09  Gateway  
  96  8:10  Gateway  
  96  8:11  Gateway  
  96  8:12  Probe  
  97  8:17  High Templar x4  
  97  8:18  Probe  
  106  8:22  Archon x2  
  105  8:28  Probe  
  105  8:31  Assimilator  
  104  8:41  Warp Prism (Chrono Boost)  
  105  8:45  High Templar  
  107  8:51  Gateway  
  107  8:52  Sentry  
  107  8:53  Pylon  
  107  8:55  Sentry  
  111  8:57  Zealot  
  111  8:58  Zealot x2  
  111  9:02  Probe  
  118  9:07  Assimilator  
  118  9:10  Pylon x3  
  118  9:23  High Templar x2  
  122  9:36  High Templar  
  124  9:39  Zealot x4  
  124  9:40  Archon x2  
  132  9:58  Zealot  
  132  9:59  Zealot x5  
  144  10:08  Pylon  
  144  10:10  High Templar x3  
  150  10:15  High Templar  
  150  10:16  Archon  
  150  10:19  Archon  
  152  10:21  Zealot x2  
  152  10:26  Pylon  
  152  10:38  Zealot x4  
  127  10:43  Probe  
  128  10:51  Zealot x5  
  138  10:59  Probe  
  121  11:11  Nexus  
  121  11:15  Zealot x5  
  121  11:16  Zealot x4  
  105  11:30  Probe  
  98  11:41  Stalker x3  
  98  11:42  Stalker x3  
  90  12:01  Probe  
  90  12:03  Stalker  
  90  12:04  Stalker x4  
  99  12:17  Stalker x2  
  99  12:18  Stalker  
Show
View Real Time Build Order
Export as new Build Order

ObiWanPwnobi Protoss 

Build Orders: Oracle Opening 

Get SALT Encoding   

  12  0:01  Probe (Chrono Boost)  
  13  0:11  Probe (Chrono Boost)  
  14  0:17  Pylon  
  14  0:23  Probe (Chrono Boost)  
  15  0:35  Probe (Chrono Boost)  
  16  0:39  Gateway  
  16  0:45  Assimilator  
  16  0:47  Probe (Chrono Boost)  
  17  0:56  Assimilator  
  17  0:58  Probe (Chrono Boost)  
  18  1:08  Probe (Chrono Boost)  
  19  1:12  Gateway  
  19  1:19  Probe (Chrono Boost)  
  20  1:30  Cybernetics Core, Probe (Chrono Boost)  
  21  1:41  Probe (Chrono Boost)  
  21  1:42  Pylon  
  22  1:51  Probe (Chrono Boost)  
  23  2:04  Probe (Chrono Boost)  
  23  2:06  Adept x2  
  28  2:08  Warp Gate  
  28  2:15  Probe (Chrono Boost)  
  29  2:25  Pylon  
  29  2:26  Mothership Core (Chrono Boost)  
  31  2:40  Stargate  
  31  2:43  Stalker  
  33  2:47  Probe (Chrono Boost)  
  34  3:02  Probe (Chrono Boost)  
  35  3:13  Probe (Chrono Boost)  
  36  3:23  Oracle (Chrono Boost)  
  39  3:27  Nexus  
  39  3:45  Probe  
  36  3:52  Robotics Facility  
  36  3:57  Probe  
  36  4:01  Pylon  
  37  4:09  Probe  
  38  4:21  Probe, Adept  
  38  4:22  Sentry  
  43  4:33  Probe (Chrono Boost)  
  43  4:34  Void Ray (Chrono Boost)  
  45  4:40  Probe (Chrono Boost)  
  45  4:43  Observer (Chrono Boost)  
  45  4:45  Probe (Chrono Boost)  
  48  4:50  Assimilator  
  48  4:51  Probe (Chrono Boost)  
  49  4:58  Probe (Chrono Boost), Immortal  
  50  5:02  Probe (Chrono Boost)  
  55  5:10  Probe (Chrono Boost)  
  55  5:13  Probe (Chrono Boost)  
  57  5:14  Assimilator  
  58  5:22  Probe (Chrono Boost)  
  58  5:23  Probe (Chrono Boost)  
  58  5:28  Pylon  
  59  5:30  Void Ray (Chrono Boost)  
  62  5:38  Pylon  
  62  5:42  Immortal  
  62  5:46  Probe (Chrono Boost)  
  62  5:48  Probe (Chrono Boost), Adept  
  70  5:56  Adept  
  70  5:58  Probe (Chrono Boost)  
  70  6:01  Probe  
  70  6:03  Pylon  
  70  6:15  Adept  
  70  6:16  Immortal  
  70  6:18  Void Ray (Chrono Boost)  
  76  6:22  Pylon  
  80  6:31  Adept  
  82  6:37  Adept  
  84  6:43  Pylon  
  84  6:50  Immortal  
  84  6:55  Void Ray (Chrono Boost)  
  84  6:56  Adept  
  93  7:04  Pylon  
  93  7:08  Probe, Robotics Bay  
  94  7:25  Probe, Immortal  
  94  7:26  Nexus  
  94  7:28  Pylon  
  96  7:40  Probe  
  97  7:46  Probe  
  97  7:50  Adept  
  97  7:51  Sentry  
  102  7:52  Probe  
  102  7:58  Probe, Void Ray (Chrono Boost)  
  108  7:59  Disruptor  
  108  8:02  Pylon  
  107  8:07  Probe  
  107  8:10  Probe  
  109  8:14  Stargate  
  109  8:15  Protoss Air Weapons Level 1  
  109  8:19  Probe  
  110  8:22  Probe  
  111  8:30  Disruptor  
  111  8:31  Probe  
  112  8:34  Probe  
  112  8:35  Assimilator  
  112  8:37  Assimilator  
  112  8:38  Probe  
  114  8:43  Probe, Pylon  
  114  8:45  Sentry  
  114  8:46  Probe  
  118  8:56  Void Ray (Chrono Boost)  
  118  8:58  Probe  
  118  9:01  Disruptor  
  123  9:08  Probe  
  127  9:18  Pylon  
  127  9:22  Gateway  
  127  9:23  Gateway  
  125  9:25  Gateway  
  125  9:27  Adept  
  125  9:28  Adept  
  129  9:31  Gateway  
  129  9:33  Gateway  
  129  9:38  Disruptor  
  128  9:41  Probe  
  128  9:43  Void Ray (Chrono Boost)  
  136  9:48  Gateway  
  136  9:50  Adept x2  
  140  9:54  Pylon  
  140  9:55  Probe x2  
  145  10:09  Void Ray (Chrono Boost)  
  145  10:12  Disruptor  
  145  10:13  Adept, Pylon  
  147  10:15  Adept  
  152  10:30  Void Ray (Chrono Boost)  
  155  10:41  Adept x2  
  159  10:46  Void Ray (Chrono Boost)  
  159  10:47  Stargate  
  163  10:50  Adept  
  165  11:01  Probe  
  165  11:03  Pylon  
  165  11:04  Fleet Beacon  
  165  11:06  Disruptor, Probe  
  113  11:21  Adept x2  
  113  11:22  Adept  
  100  11:26  Void Ray (Chrono Boost)  
  89  11:35  Adept x2  
  83  11:43  Probe  
  70  11:59  Adept x2  
  70  12:00  Adept x3  
  75  12:01  Probe x2  
  75  12:02  Probe  
  81  12:20  Adept  
  81  12:21  Adept  
Tags
 
Add a new tag
Caveats
  • Supply blocks, unpowered buildings, or Contaminate may cause inaccurate times.
  • Supply counts are checked every 10 seconds.